 Dungeon Sprint DCSS version 0.31-a0-596-g831eee08f1 (webtiles) character file.

Game seed: 5440271973952902143

10300000 sircluck the Ninja (level 21, -10/122 HPs)
             Began as a Felid Enchanter on Aug 20, 2023.
             Was the Champion of Makhleb.
             Mangled by a bag of meat
             ... wielding a +9 war axe
              (35 damage)
             ... in the Dungeon (Sprint VIII: "Arena of Blood").
             The game lasted 00:03:27 (103 turns).

sircluck the Ninja (Felid Enchanter)                 Turns: 103, Time: 00:03:27

Health: -10/122    AC:  3    Str:  4    XL:     21   Next: 94%
Magic:  53/53      EV: 50    Int: 18    God:    Makhleb [******]
Gold:   0          SH:  0    Dex: 26    Spells: 74/74 levels left
                                        Lives:  0   Deaths: 6

rFire   . .          .
                       - Unarmed
rCold   + . .        (shield unavailable)
rNeg    . . .        (body armour unavailable)
rPois   .            (helmet unavailable)
rElec   .            (cloak unavailable)
rCorr   .            (gloves unavailable)
SInv    +            (boots unavailable)
Will    +++..        (no amulet)
Stlth   ++++++++++   h - +27000 ring of slaying
HPRegen 0.40/turn    a - ring of see invisible
MPRegen 0.33/turn

%: no teleportation
@: slowed, slow
A: very small, claws 1, fangs 3, see invisible, speed 1, shaggy fur 3, stealthy
paws, no weapons or thrown items, no armour, multi-lived
a: Renounce Religion, Minor Destruction, Lesser Servant of Makhleb, Major
Destruction, Greater Servant of Makhleb


You were in the Dungeon.
You worshipped Makhleb.
Makhleb was exalted by your worship.
You visited 1 branch

Inventory:

Jewellery
 a - a ring of see invisible (right paw)
 h - a +27000 ring of slaying (left paw)
Potions
 b - a potion of curing
 c - a potion of heal wounds
 d - a potion of haste
 e - 2 potions of magic
 f - a potion of berserk rage


   Skills:
 O Level 27 Fighting
 O Level 27 Dodging
 O Level 27 Stealth
 O Level 27 Unarmed Combat
 O Level 27 Spellcasting
 + Level 24.4 Conjurations
 O Level 27 Hexes
 + Level 25.8 Summonings
 + Level 25.8 Necromancy
 O Level 27 Translocations
 O Level 27 Transmutations
 + Level 23.2 Fire Magic
 + Level 23.3 Ice Magic
 + Level 23.2 Air Magic
 + Level 23.2 Earth Magic
 + Level 23.2 Poison Magic
 O Level 27 Invocations
 O Level 27 Evocations
 + Level 23.2 Shapeshifting


You had 74 spell levels left.
You didn't know any spells.
Your spell library contained the following spells:

 Spells                   Type           Power      Damage    Failure   Level
 Ensorcelled Hibernation  Hex/Ice        100%       N/A       0%          2
 Confusing Touch          Hex            88%        N/A       0%          3
 Dazzling Flash           Conj/Hex       100%       N/A       0%          3
 Tukima's Dance           Hex            88%        N/A       0%          3


Dungeon Overview and Level Annotations

Branches:
Dungeon (1/1)

Altars:
Makhleb

Annotations:
D The Servant


Innate Abilities, Weirdness & Mutations

You have sharp claws.
You have razor-sharp teeth.
You have supernaturally acute eyesight. (SInv)
You cover ground quickly. (Speed+)
Your thick and shaggy fur keeps you warm. (AC +3, rC+)
Your paws help you pounce on unaware monsters.
You are incapable of wielding weapons or throwing items.
You cannot wear armour.
You gain extra lives every three experience levels.


Message History

You eviscerate the meat beast!!!!!!!!!!!!
You kill the meat beast!
Makhleb accepts your kill. The destroyer casts a spell at you.
The destroyer blinks!
Your Conjurations skill gained 2 levels and is now at level 24!
Your Summonings skill increases to level 25!
Your Necromancy skill increases to level 25!
Your Transmutations skill increases to level 26!
Your Fire Magic skill gained 2 levels and is now at level 23!
Your Ice Magic skill increases to level 22!
Your Air Magic skill increases to level 22!
Your Earth Magic skill increases to level 22!
Your Poison Magic skill increases to level 22!
Your Evocations skill increases to level 26!
Your Shapeshifting skill increases to level 22!
You eviscerate the meat berserker!!!!!!!!!!!
You kill the meat berserker!
Makhleb accepts your kill.
The meat berserker hits you with a +9 battleaxe!!!!
Ouch! That really hurt!
* * * LOW HITPOINT WARNING * * *
An accursed comes into view.
The bag of meat hits you with a +9 war axe.
* * * LOW HITPOINT WARNING * * *
The bag of meat completely misses you.
You have mastered Transmutations!
Your Ice Magic skill increases to level 23!
Your Air Magic skill increases to level 23!
Your Earth Magic skill increases to level 23!
Your Poison Magic skill increases to level 23!
You have mastered Evocations!
Your Shapeshifting skill increases to level 23!
The bag of meat shouts!
You eviscerate the meat berserker!!!!!!!!!!!
You kill the meat berserker!
Makhleb accepts your kill. The bag of meat completely misses you.
The bag of meat hits you with a +9 war axe!!
You die...

...#.....
#....#........#...
#....#.........o.o
#.......o....V...#
#o.............O..
#......o..........
#..§..... #......)
#Voo..... .#.#..†o
#@o.o.DM. # #.2.Vo
#oo###...#o#.#oo§o
#....# ...#.#.OzOo
#.....# ...§...o.L
#.......##D2o§oX.#
####.....##VOOoXX○
####....)†####§
####..o)oOo§
####oo○§§


You could see an accursed, an eight-headed meat hydra, a destroyer and 9 bags of
meat.

Vanquished Creatures
  2 hell beasts (D)
  3 royal mummies (D)
  5 vampire knights (D)
  18 ogres (D)
  4 two-headed ogres (D)
  A lich (D)
  A phantom (D)
  20 orcs (D)
  2 skeletal warriors (D)
56 creatures vanquished.

Notes
Turn   | Place    | Note
-------+----------+-------------------------------------------
     0 | D        | sircluck the Felid Enchanter began the quest for the Orb.
     0 | D        | Reached XP level 1. HP: 7/7 MP: 4/4
     2 | D        | Noticed a bag of meat
     3 | D        | Became a worshipper of Makhleb the Destroyer
     6 | D        | Noticed a bag of meat
     6 | D        | Noticed a bag of meat
     6 | D        | Noticed a bag of meat
     6 | D        | Noticed a bag of meat
     6 | D        | Noticed a meat berserker
     6 | D        | Noticed a bag of meat
     8 | D        | Noticed a bag of meat
     9 | D        | Noticed a bag of meat
    10 | D        | Killed a bag of meat
    10 | D        | Noticed a bag of meat
    10 | D        | Noticed a bag of meat
    11 | D        | Reached skill level 15 in Dodging
    11 | D        | Reached XP level 2. HP: 11/11 MP: 4/15
    11 | D        | Reached XP level 3. HP: 14/14 MP: 4/16
    11 | D        | Reached XP level 4. HP: 18/18 MP: 4/18
    11 | D        | Reached XP level 5. HP: 21/21 MP: 4/19
    11 | D        | Gained mutation: You are covered in thick fur. (AC +2)
                  | [Felid growth]
    11 | D        | Reached XP level 6. HP: 24/24 MP: 4/21
    11 | D        | Reached XP level 7. HP: 27/27 MP: 4/22
    11 | D        | Reached XP level 8. HP: 31/31 MP: 4/24
    11 | D        | Reached XP level 9. HP: 34/34 MP: 4/25
    11 | D        | Reached XP level 10. HP: 37/37 MP: 4/26
    11 | D        | Noticed a bag of meat
    11 | D        | Noticed a bag of meat
    11 | D        | Noticed a meat berserker
    12 | D        | Noticed a bag of meat
    12 | D        | Noticed a bag of meat
    12 | D        | Noticed a bag of meat
    12 | D        | Noticed a bag of meat
    12 | D        | Noticed a bag of meat
    12 | D        | Noticed a bag of meat
    12 | D        | Noticed a bag of meat
    13 | D        | Noticed a large bag of meat
    13 | D        | Noticed a bag of meat
    13 | D        | Noticed a bag of meat
    14 | D        | Killed a bag of meat
    14 | D        | Reached * piety under Makhleb
    14 | D        | Noticed a bag of meat
    14 | D        | Noticed a bag of meat
    15 | D        | Reached XP level 11. HP: 40/40 MP: 4/28
    15 | D        | Killed a meat berserker
    15 | D        | Noticed a bag of meat
    15 | D        | Noticed a bag of meat
    16 | D        | Reached skill level 15 in Unarmed Combat
    16 | D        | Gained mutation: Your thick and shaggy fur keeps you warm.
                  | (AC +3, rC+) [Felid growth]
    16 | D        | Reached XP level 12. HP: 44/44 MP: 4/31
    16 | D        | Reached XP level 13. HP: 47/47 MP: 4/32
    16 | D        | Noticed a large bag of meat
    16 | D        | Killed a bag of meat
    16 | D        | Noticed a meat berserker
    17 | D        | Reached skill level 15 in Spellcasting
    17 | D        | Killed a bag of meat
    17 | D        | Reached ** piety under Makhleb
    17 | D        | Noticed a bag of meat
    17 | D        | Noticed a bag of meat
    17 | D        | Noticed a bag of meat
    18 | D        | Killed a bag of meat
    18 | D        | Mangled by a bag of meat
    18 | D        | Noticed a meat berserker
    18 | D        | Noticed a meat berserker
    19 | D        | Reached XP level 12. HP: -7/44 MP: 5/33
    19 | D        | Reached XP level 13. HP: 47/47 MP: 34/34
    19 | D        | Noticed a bag of meat
    19 | D        | Noticed a bag of meat
    19 | D        | Noticed a bag of meat
    19 | D        | Noticed a bag of meat
    19 | D        | Noticed a bag of meat
    19 | D        | Noticed a bag of meat
    19 | D        | Noticed a bag of meat
    19 | D        | Noticed a bag of meat
    19 | D        | Noticed a bag of meat
    19 | D        | Noticed a bag of meat
    19 | D        | Noticed a meat berserker
    19 | D        | Noticed a meat berserker
    20 | D        | Noticed a large bag of meat
    20 | D        | Noticed a bag of meat
    20 | D        | Noticed a bag of meat
    20 | D        | Noticed a bag of meat
    20 | D        | Noticed a bag of meat
    20 | D        | Noticed a bag of meat
    20 | D        | Noticed a bag of meat
    20 | D        | Noticed a bag of meat
    20 | D        | Noticed a bag of meat
    20 | D        | Noticed a bag of meat
    20 | D        | Noticed a bag of meat
    21 | D        | Noticed a bag of meat
    21 | D        | Noticed a bag of meat
    21 | D        | Noticed a destroyer
    21 | D        | Noticed a bag of meat
    21 | D        | Noticed a bag of meat
    22 | D        | Killed a bag of meat
    22 | D        | Noticed a bag of meat
    22 | D        | Noticed a bag of meat
    22 | D        | Noticed a bag of meat
    22 | D        | Noticed a bag of meat
    23 | D        | Killed a bag of meat
    23 | D        | Reached *** piety under Makhleb
    23 | D        | Noticed a meat berserker
    24 | D        | Noticed a destroyer
    24 | D        | Mangled by a meat berserker
    24 | D        | Noticed a large bag of meat
    24 | D        | Noticed a bag of meat
    24 | D        | Noticed a bag of meat
    24 | D        | Noticed a meat berserker
    25 | D        | Reached XP level 12. HP: -11/44 MP: 34/34
    25 | D        | Noticed a meat berserker
    26 | D        | Killed a bag of meat
    27 | D        | Reached XP level 13. HP: 47/47 MP: 34/36
    27 | D        | Killed a destroyer
    27 | D        | Noticed a large bag of meat
    27 | D        | Noticed a large bag of meat
    28 | D        | Reached skill level 27 in Dodging
    28 | D        | Reached skill level 27 in Stealth
    28 | D        | Reached skill level 27 in Hexes
    28 | D        | Reached XP level 14. HP: 51/51 MP: 34/39
    28 | D        | Noticed a bag of meat
    28 | D        | Noticed a meat berserker
    28 | D        | Noticed a bag of meat
    28 | D        | Noticed a bag of meat
    28 | D        | Noticed a bag of meat
    28 | D        | Noticed a bag of meat
    28 | D        | Noticed a bag of meat
    28 | D        | Noticed a bag of meat
    28 | D        | Noticed a meat berserker
    28 | D        | Noticed a meat berserker
    28 | D        | Noticed a bag of meat
    28 | D        | Noticed a destroyer
    29 | D        | Noticed a bag of meat
    29 | D        | Noticed a bag of meat
    30 | D        | Noticed The Servant
    30 | D        | Killed a meat berserker
    30 | D        | Reached **** piety under Makhleb
    31 | D        | Killed a bag of meat
    31 | D        | Noticed a meat berserker
    31 | D        | Noticed a bag of meat
    31 | D        | Noticed a bag of meat
    31 | D        | Noticed a bag of meat
    32 | D        | Killed a meat berserker
    32 | D        | Noticed a large bag of meat
    33 | D        | Reached XP level 15. HP: 54/54 MP: 35/44
    33 | D        | Killed a meat berserker
    33 | D        | Reached ***** piety under Makhleb
    34 | D        | Reached skill level 27 in Unarmed Combat
    34 | D        | Killed a large bag of meat
    35 | D        | Reached skill level 27 in Spellcasting
    35 | D        | Reached XP level 16. HP: 28/80 MP: 36/48
    35 | D        | Noticed a large bag of meat
    35 | D        | Noticed a large bag of meat
    35 | D        | Noticed an eight-headed meat hydra
    35 | D        | Demolished by a bag of meat
    36 | D        | Reached XP level 15. HP: -17/76 MP: 36/47
    36 | D        | Noticed a meat berserker
    36 | D        | Noticed a meat berserker
    36 | D        | Noticed a destroyer
    36 | D        | Noticed a sculptor of flesh
    36 | D        | Noticed a destroyer
    37 | D        | Noticed a destroyer
    38 | D        | Killed a meat berserker
    39 | D        | Killed a meat berserker
    39 | D        | Noticed a meat berserker
    40 | D        | Killed a destroyer
    40 | D        | Noticed a destroyer
    40 | D        | Noticed a sculptor of flesh
    40 | D        | Noticed a meat berserker
    40 | D        | Annihilated by a destroyer
    41 | D        | Reached XP level 14. HP: -165/87 MP: 46/46
    41 | D        | Reached skill level 27 in Fighting
    41 | D        | Reached XP level 15. HP: 95/95 MP: 47/47
    41 | D        | Killed a sculptor of flesh
    42 | D        | Reached skill level 15 in Invocations
    42 | D        | Noticed a meat berserker
    48 | D        | Noticed a meat berserker
    50 | D        | Killed a meat berserker
    50 | D        | Noticed a destroyer
    51 | D        | Reached XP level 16. HP: 96/100 MP: 48/48
    52 | D        | Noticed a meat berserker
    54 | D        | Killed a meat berserker
    54 | D        | Reached ****** piety under Makhleb
    54 | D        | Noticed a large bag of meat
    55 | D        | Reached skill level 27 in Invocations
    55 | D        | Reached skill level 1 in Fire Magic
    55 | D        | Reached skill level 1 in Ice Magic
    55 | D        | Reached skill level 1 in Air Magic
    55 | D        | Reached skill level 1 in Earth Magic
    55 | D        | Reached skill level 1 in Poison Magic
    55 | D        | Reached skill level 1 in Shapeshifting
    56 | D        | Reached skill level 5 in Translocations
    56 | D        | Killed a meat berserker
    57 | D        | Reached skill level 5 in Conjurations
    57 | D        | Reached skill level 5 in Fire Magic
    57 | D        | Reached skill level 5 in Ice Magic
    57 | D        | Reached skill level 5 in Air Magic
    57 | D        | Reached skill level 5 in Earth Magic
    57 | D        | Reached skill level 5 in Poison Magic
    57 | D        | Reached skill level 5 in Shapeshifting
    57 | D        | Reached XP level 17. HP: 104/104 MP: 49/49
    57 | D        | Noticed an accursed
    57 | D        | Killed a meat berserker
    58 | D        | Reached skill level 10 in Translocations
    58 | D        | Killed a meat berserker
    60 | D        | Noticed an accursed
    62 | D        | Reached skill level 10 in Summonings
    62 | D        | Reached skill level 10 in Necromancy
    62 | D        | Reached skill level 10 in Transmutations
    62 | D        | Reached skill level 10 in Evocations
    62 | D        | Killed a meat berserker
    63 | D        | Reached skill level 10 in Conjurations
    63 | D        | Reached skill level 15 in Translocations
    63 | D        | Reached XP level 18. HP: 98/109 MP: 50/50
    64 | D        | Reached skill level 10 in Fire Magic
    64 | D        | Reached skill level 10 in Ice Magic
    64 | D        | Reached skill level 10 in Air Magic
    64 | D        | Reached skill level 10 in Earth Magic
    64 | D        | Reached skill level 10 in Poison Magic
    64 | D        | Reached skill level 10 in Shapeshifting
    64 | D        | Killed a destroyer
    65 | D        | Killed a sculptor of flesh
    68 | D        | Killed a large bag of meat
    70 | D        | Killed a meat berserker
    70 | D        | Noticed a meat berserker
    71 | D        | Reached skill level 15 in Transmutations
    71 | D        | Reached skill level 15 in Evocations
    71 | D        | Reached XP level 19. HP: 35/113 MP: 51/51
    71 | D        | Killed an accursed
    72 | D        | Killed an accursed
    73 | D        | Reached skill level 15 in Conjurations
    73 | D        | Reached skill level 15 in Fire Magic
    73 | D        | Reached skill level 15 in Ice Magic
    73 | D        | Reached skill level 15 in Air Magic
    73 | D        | Reached skill level 15 in Earth Magic
    73 | D        | Reached skill level 15 in Poison Magic
    73 | D        | Reached skill level 15 in Shapeshifting
    73 | D        | Demolished by a large bag of meat
    74 | D        | Reached XP level 18. HP: -19/109 MP: 50/50
    74 | D        | Reached XP level 19. HP: 113/113 MP: 51/51
    77 | D        | Killed a large bag of meat
    77 | D        | Noticed a tyrant
    79 | D        | Killed a destroyer
    80 | D        | Killed a large bag of meat
    82 | D        | Noticed an eight-headed meat hydra
    83 | D        | Noticed a meat berserker
    83 | D        | Noticed a tyrant
    83 | D        | Noticed a meat berserker
    84 | D        | Killed a meat berserker
    85 | D        | Noticed a meat berserker
    85 | D        | Noticed a meat berserker
    85 | D        | Noticed a meat beast
    87 | D        | Reached XP level 20. HP: 118/118 MP: 52/52
    88 | D        | Killed a meat berserker
    89 | D        | Reached skill level 27 in Translocations
    89 | D        | Killed a tyrant
    89 | D        | Noticed a meat beast
    89 | D        | Noticed a meat beast
    90 | D        | Killed a destroyer
    90 | D        | Annihilated by a destroyer
    91 | D        | Reached XP level 19. HP: -98/113 MP: 51/51
    92 | D        | Noticed an accursed
    93 | D        | Killed a meat beast
    94 | D        | Reached XP level 20. HP: 106/118 MP: 52/52
    94 | D        | Noticed a meat berserker
    95 | D        | Noticed a meat berserker
    98 | D        | Killed an accursed
   100 | D        | Killed a meat berserker
   101 | D        | Reached XP level 21. HP: 117/122 MP: 53/53
   101 | D        | Killed a meat beast
   102 | D        | Noticed an accursed
   103 | D        | Reached skill level 27 in Transmutations
   103 | D        | Reached skill level 27 in Evocations
   103 | D        | Mangled by a bag of meat

Illustrated notes

Levels and vault maps discovered:
D:        meatsprint

Skill      XL: |  1  2  3  4  5  6  7  8  9 10 11 12 13 14 15 16 17 18 19 20 21 |
---------------+----------------------------------------------------------------+-----
Dodging        | 15 17 20 27 | 27.0
Stealth        | 16 19 22 24 27 | 27.0
Unarmed Combat | 11 13 15 18 21 26 27 | 27.0
Spellcasting   | 11 12 14 18 20 24 27 | 27.0
Hexes          | 17 19 22 24 27 | 27.0
Fighting       | 27 24 | 27.0
Invocations    | 11 24 27 | 27.0
Conjurations   | 5 10 16 21 22 24 | 24.4
Summonings     | 6 11 14 22 24 25 | 25.8
Necromancy     | 6 11 14 22 24 25 | 25.8
Translocations | 8 15 20 26 27 | 27.0
Transmutations | 6 11 15 23 25 27 | 27.0
Fire Magic     | 5 9 12 20 21 23 | 23.2
Ice Magic      | 5 9 12 20 21 23 | 23.3
Air Magic      | 5 9 12 20 21 23 | 23.2
Earth Magic    | 5 9 12 20 21 23 | 23.2
Poison Magic   | 5 9 12 20 21 23 | 23.2
Evocations     | 6 11 15 23 25 27 | 27.0
Shapeshifting  | 5 9 12 20 21 23 | 23.2

Action                     |  1- 3 |  4- 6 |  7- 9 | 10-12 | 13-15 | 16-18 | 19-21 || total
---------------------------+-------+-------+-------+-------+-------+-------+-------++-------
  Melee: Unarmed           |     1 |       |       |     3 |    18 |    14 |    21 ||    57
    Use: Potion            |       |       |       |       |     2 |       |       ||     2
         Scroll            |       |       |       |       |     1 |       |       ||     1
   Stab: Invisible         |       |       |       |       |     3 |       |       ||     3
 Armour: Skin              |       |       |       |       |     1 |       |       ||     1
  Dodge: Dodged            |       |       |       |     1 |     3 |     4 |     5 ||    13

Table legend: (Time is in decaauts)
 A = Elapsed time spent in this place.
 B = Non-inter-level travel time spent in this place.
 C = Inter-level travel time spent in this place.
 D = Time resting spent in this place.
 E = Time spent auto-exploring this place.
 F = Levels seen in this place.
 G = Mean time per level.
                   A        B        C        D        E       F      G
               +--------+--------+--------+--------+--------+-----+--------+
         Total |     70 |     70 |      0 |      0 |      0 |   1 |   70.0 |
       Dungeon |     70 |     70 |      0 |      0 |      0 |   1 |   70.0 |
               +--------+--------+--------+--------+--------+-----+--------+

Top non-repeatable levels by time:
       D: 70 daAuts
